 Dungeon Crawl Stone Soup version 0.26-a0-651-gb41185065b (webtiles) character file.

Game seed: 9071361728237386374

8115 Murumi the Ogre Mage (level 11, -12/105 HPs)
             Began as an Ogre Conjurer on Sept 30, 2020.
             Was a Priest of Vehumet.
             Mangled by an eight-headed hydra (16 damage)
             ... on level 1 of the Lair of Beasts.
             The game lasted 00:57:07 (12578 turns).

Murumi the Ogre Mage (Ogre Conjurer)               Turns: 12578, Time: 00:57:10

Health: -12/105    AC: 13    Str: 13    XL:     11   Next: 25%
Magic:  12/24      EV: 12    Int: 22    God:    Vehumet [***...]
Gold:   468        SH:  0    Dex:  7    Spells: 17/28 levels left

rFire    . . .     SeeInvis .   z - +0 dire flail
rCold    . . .     Faith    .   (shield currently unavailable)
rNeg     . . .     Spirit   .   u - +1 robe {MR+}
rPois    +         Reflect  .   (helmet restricted)
rElec    .         Harm     .   f - +0 cloak {rPois}
rCorr    .         Rampage  .   (gloves unavailable)
MR       ++...                  (boots unavailable)
Stlth    ++........             g - amulet of regeneration
HPRegen  0.67/turn              v - +4 ring of protection
MPRegen  0.19/turn              m - +4 ring of protection

@: no status effects
A: large, unfitting armour, tough skin 1
a: Renounce Religion


You were on level 1 of the Lair of Beasts.
You worshipped Vehumet.
Vehumet was most pleased with you.
You visited 3 branches of the dungeon, and saw 10 of its levels.

You collected 468 gold pieces.

Inventory:

Hand Weapons
 y - a +0 giant spiked club
 z - a +0 dire flail (weapon)
Missiles
 l - 5 large rocks (quivered)
Armour
 e - a scarf of resistance
 f - a +0 cloak of poison resistance (worn)
 u - a +1 robe of magic resistance (worn)
Jewellery
 g - an amulet of regeneration (around neck)
 m - a +4 ring of protection (right hand)
 v - a +4 ring of protection (left hand)
Wands
 r - a wand of acid (7)
 t - a wand of polymorph (10)
 x - a wand of random effects (14)
Scrolls
 a - a scroll of magic mapping
 c - 4 scrolls of amnesia
 k - 4 scrolls of teleportation
Potions
 b - 4 potions of curing
 d - 2 potions of mutation
 h - 3 potions of might
 i - a potion of invisibility {unknown}
 j - a potion of degeneration {unknown}
 n - a potion of flight {unknown}
 o - 2 potions of ambrosia
 p - 2 potions of heal wounds
 q - a potion of cancellation {unknown}
 s - 2 potions of stabbing
 w - 2 potions of brilliance {unknown}


   Skills:
 - Level 6.0 Fighting
 - Level 3.0 Maces & Flails
 - Level 7.0 Dodging
 - Level 5.0 Stealth
 - Level 9.0 Spellcasting
 + Level 6.4 Conjurations
 - Level 6.0 Hexes
 - Level 3.0 Fire Magic
 - Level 3.0 Ice Magic
 - Level 2.0 Evocations


You had 17 spell levels left.
You knew the following spells:

 Your Spells              Type           Power        Failure   Level
a - Magic Dart            Conj           ####         1%          1
b - Searing Ray           Conj           #####.       1%          2
c - Dazzling Flash        Conj/Hex       #####.       1%          3
d - Foxfire               Conj/Fire      ####         1%          1
e - Freeze                Ice            ###.         1%          1
f - Inner Flame           Hex/Fire       ####....     1%          3

Your spell library contained the following spells:

 Spells                   Type           Power        Failure   Level
 Corona                   Hex            #####..      1%          1
 Fulminant Prism          Conj/Hex       #####.....   1%          4
 Iskenderun's Mystic Bla  Conj/Tloc      ###.....     5%          4
 Animate Skeleton         Necr           #.....       7%          1
 Apportation              Tloc           #.....       7%          1
 Summon Small Mammal      Summ           #...         7%          1


Dungeon Overview and Level Annotations

Branches:
Dungeon (8/15)             Temple (1/1) D:6            Lair (1/6) D:8

Altars:
Ashenzari
Cheibriados
Dithmenos
Elyvilon
Fedhas
Gozag
Hepliaklqana
Kikubaaqudgha
Makhleb
Nemelex Xobeh
Okawaru
Qazlal
Ru
Sif Muna
Trog
Uskayaw
Vehumet
Wu Jian
Xom
Yredelemnul
The Shining One

Shops:
D:4 (


Innate Abilities, Weirdness & Mutations

You are too large for most types of armour.
You have tough skin. (AC +1)


Message History

The eight-headed hydra bites you. x2; The eight-headed hydra bites you!
* * * LOW HITPOINT WARNING * * *
The eight-headed hydra bites you but does no damage.
The eight-headed hydra is no longer blind.
Okay, then.
Casting: Dazzling Flash (safe; 1% risk of failure)
Confirm with . or Enter, or press ? or * to list all spells.
Aiming: Freeze (safe; 1% risk of failure)
Press: ? - help, Shift-Dir - straight line, f - eight-headed hydra
Aim: an eight-headed hydra (lightly wounded)
You freeze the eight-headed hydra!
The eight-headed hydra is moderately wounded.
The eight-headed hydra seems to slow down.
The eight-headed hydra completely misses you.
The eight-headed hydra bites you!
* * * LOW HITPOINT WARNING * * *
The eight-headed hydra bites you!
* * * LOW HITPOINT WARNING * * *
The eight-headed hydra bites you!
You die...

##..........## ..###
##............#
....P###...#P...#...### #
..........####...##...###
.........## #P...##....#P
.........# ###..##.....†
.........## #...###....
.####.#...# ##... ##...
## ####@.## #.... ####
#... #D..# ..... . ...
###..## #(... . ..#
#P....# . #.# ##...##
##.##### ###.####
#......###..##
##....D...†.##
##P...#.#.#.##


You could see an eight-headed hydra (slow).

Vanquished Creatures
  3 death yaks (D:8)
  A two-headed ogre (D:8)
  A cyclops (D:8)
  Grinder (D:5)
  Sigmund (D:2)
  3 yaks (Lair:1)
  Duvessa (D:5)
  A water moccasin (Lair:1)
  A porcupine (D:8)
  3 sky beasts
  7 orc warriors
  A black bear (D:7)
  3 phantoms
  2 ogres
  5 centaurs
  5 bullfrogs
  4 scorpions
  Dowan (D:5)
  4 wights (D:8)
  A jelly (D:7)
  9 orc priests
  10 hounds
  Crazy Yiuf (D:2)
  A centaur skeleton (D:8)
  11 orc wizards
  Ijyb (D:4)
  Terence (D:2)
  2 iguanas
  7 worker ants
  A killer bee zombie (D:7)
  Robin (D:2)
  4 gnolls (D:2)
  A river rat (D:8)
  8 adders
  A howler monkey skeleton (D:7)
  A shadow imp (D:7)
  2 white imps (D:7)
  An ufetubus (D:7)
  An ooze (D:4)
  A worm (D:3)
  2 dart slugs
  7 leopard geckos
  32 orcs
  6 giant cockroaches
  4 hobgoblins
  18 jackals
  15 kobolds
  4 quokkas
  5 bats
  6 frilled lizards
  16 goblins
  A leopard gecko zombie (D:6)
  A quokka zombie (D:7)
  11 rats
242 creatures vanquished.

Vanquished Creatures (collateral kills)
  3 foxfires (Lair:1)
3 creatures vanquished.

Vanquished Creatures (others)
  217 foxfires
  2 fungi (Lair:1)
  A plant (Lair:1)
220 creatures vanquished.

Grand Total: 465 creatures vanquished

Notes
Turn   | Place    | Note
-------+----------+-------------------------------------------
     0 | D:1      | Murumi the Ogre Conjurer began the quest for the Orb.
     0 | D:1      | Reached XP level 1. HP: 16/16 MP: 3/3
   468 | D:1      | Reached XP level 2. HP: 24/24 MP: 1/5
   526 | D:1      | Learned a level 2 spell: Searing Ray
   873 | D:1      | Reached skill level 3 in Spellcasting
  1172 | D:2      | Reached XP level 3. HP: 31/31 MP: 5/7
  1260 | D:2      | Found an ornate altar of the Wu Jian Council.
  1262 | D:2      | Found a snail-covered altar of Cheibriados.
  1280 | D:2      | Noticed Terence
  1343 | D:2      | Killed Terence
  1343 | D:2      | Reached skill level 1 in Fighting
  1343 | D:2      | Reached XP level 4. HP: 13/42 MP: 0/8
  1348 | D:2      | Learned a level 3 spell: Dazzling Flash
  1651 | D:2      | Found a shimmering blue altar of Sif Muna.
  1651 | D:2      | Found an iron altar of Okawaru.
  1949 | D:2      | Reached skill level 4 in Spellcasting
  1953 | D:2      | Reached skill level 1 in Hexes
  2012 | D:2      | Reached XP level 5. HP: 49/49 MP: 4/11
  2223 | D:2      | Noticed Robin
  2227 | D:2      | Killed Robin
  2544 | D:2      | Noticed Sigmund
  2600 | D:2      | Killed Sigmund
  2600 | D:2      | Reached skill level 1 in Maces & Flails
  2600 | D:2      | Reached XP level 6. HP: 37/61 MP: 3/12
  2947 | D:2      | Found a runed translucent door.
  2948 | D:2      | Noticed Crazy Yiuf
  2955 | D:2      | Killed Crazy Yiuf
  4056 | D:4      | Reached XP level 7. HP: 67/67 MP: 5/14
  4185 | D:4      | Reached skill level 5 in Spellcasting
  4619 | D:4      | Noticed Ijyb
  4644 | D:4      | Killed Ijyb
  5200 | D:4      | Found Itehykk's Antique Weapon Shoppe.
  5327 | D:4      | Found a sparkling altar of Nemelex Xobeh.
  5625 | D:5      | Entered Level 5 of the Dungeon
  5822 | D:5      | Reached XP level 8. HP: 58/78 MP: 5/15
  6261 | D:5      | Reached skill level 6 in Spellcasting
  6381 | D:5      | Noticed Duvessa
  6381 | D:5      | Noticed Dowan
  6396 | D:5      | Killed Dowan
  6396 | D:5      | Reached skill level 1 in Evocations
  6435 | D:5      | Killed Duvessa
  6750 | D:5      | Noticed Grinder
  6762 | D:5      | Killed Grinder
  6762 | D:5      | Reached skill level 5 in Dodging
  7307 | D:6      | Found a staircase to the Ecumenical Temple.
  7315 | Temple   | Entered the Ecumenical Temple
  7460 | Temple   | Became a worshipper of Vehumet
  7575 | D:6      | Reached skill level 7 in Spellcasting
  7575 | D:6      | Reached XP level 9. HP: 70/84 MP: 15/19
  8218 | D:6      | Reached skill level 5 in Conjurations
  8544 | D:6      | Reached skill level 5 in Hexes
  9080 | D:7      | Reached skill level 5 in Fighting
  9082 | D:7      | Reached * piety under Vehumet
  9082 | D:7      | Offered knowledge of Foxfire by Vehumet.
  9288 | D:7      | Learned a level 1 spell: Foxfire
  9301 | D:7      | Reached skill level 8 in Spellcasting
  9404 | D:7      | Reached skill level 1 in Fire Magic
  9496 | D:7      | Found an opulent altar of Gozag.
  9895 | D:7      | Found a burning altar of Makhleb.
 10192 | D:8      | Reached XP level 10. HP: 96/96 MP: 20/22
 10193 | D:8      | Noticed a two-headed ogre
 10207 | D:8      | Killed a two-headed ogre
 10378 | D:8      | Reached ** piety under Vehumet
 10378 | D:8      | Offered knowledge of Freeze by Vehumet.
 10507 | D:8      | Learned a level 1 spell: Freeze
 10659 | D:8      | Noticed a death yak
 10665 | D:8      | Noticed a death yak
 10666 | D:8      | Noticed a death yak
 10667 | D:8      | Reached skill level 1 in Ice Magic
 10685 | D:8      | HP: 3/96 [death yak (21)]
 11036 | D:8      | Found a staircase to the Lair.
 11092 | D:8      | Killed a death yak
 11092 | D:8      | Reached skill level 5 in Stealth
 11094 | D:8      | Killed a death yak
 11451 | D:8      | Found a glowing golden altar of the Shining One.
 11482 | D:8      | Noticed a cyclops
 11505 | D:8      | Killed a cyclops
 11505 | D:8      | Offered knowledge of Inner Flame by Vehumet.
 11510 | D:8      | Learned a level 3 spell: Inner Flame
 11573 | D:8      | Killed a death yak
 11573 | D:8      | Reached skill level 9 in Spellcasting
 11573 | D:8      | Reached XP level 11. HP: 67/105 MP: 4/24
 11888 | D:8      | Reached *** piety under Vehumet
 12289 | Lair:1   | Entered Level 1 of the Lair of Beasts
 12552 | Lair:1   | Noticed an eight-headed hydra
 12578 | Lair:1   | HP: 4/105 [eight-headed hydra (10)]
 12578 | Lair:1   | Mangled by an eight-headed hydra

Illustrated notes

Levels and vault maps discovered:
D:1:      dpeg_arrival_round_b, layout_basic
D:2:      layout_loops_ring, minitemple,
          chequers_temple_overflow_statue_of_worship, uniq_terence,
          uniq_crazy_yiuf_cottage, uniq_sigmund, uniq_robin
D:3:      layout_loops_ring, kennysheep_generic_room_9
D:4:      layout_cave_pods, serial_shops, shop,
          nemelex_xobeh_ov_fountains_minmay, uniq_ijyb
D:5:      layout_loops_corners, uniq_grinder, uniq_duvessa
D:6:      layout_basic, minmay_temple_entry_stoned_glass
D:7:      layout_basic, makhleb_heckhound_becter,
          nicolae_gozag_cash_rules_everything_around_me
D:8:      layout_loops_ring, tso_oasis_becter, dpeg_lair_monsters
Temple:   regret_index_temple_waves
Lair:1:   layout_layer_cave

Skill      XL: |  1  2  3  4  5  6  7  8  9 10 11 |
---------------+----------------------------------+-----
Dodging        | 2 3 4 5 6 7 |  7.0
Conjurations   | 4 5 6 |  6.4
Spellcasting   | 3 4 5 7 8 9 |  9.0
Stealth        | 2 3 4 5 |  5.0
Fighting       | 2 3 4 5 6 |  6.0
Hexes          | 1 2 3 4 5 6 |  6.0
Maces & Flails | 1 2 3 |  3.0
Evocations     | 2 |  2.0
Fire Magic     | 2 3 |  3.0
Ice Magic      | 3 |  3.0

Action                   |  1- 3 |  4- 6 |  7- 9 | 10-12 || total
-------------------------+-------+-------+-------+-------++-------
Melee: Unarmed           |    34 |     6 |       |       ||    40
       Whip              |       |       |    37 |    13 ||    50
 Cast: Magic Dart        |    32 |    60 |    86 |    23 ||   201
       Searing Ray       |     5 |    24 |    65 |    41 ||   135
       Dazzling Flash    |       |       |     1 |    10 ||    11
       Foxfire           |       |       |    52 |    78 ||   130
       Inner Flame       |       |       |       |     1 ||     1
       Freeze            |       |       |       |     1 ||     1
  Use: Scroll            |     3 |     2 |    10 |     5 ||    20
       Potion            |       |       |       |     1 ||     1
Armor: Robe              |     6 |     3 |    35 |    31 ||    75
Dodge: Dodged            |    25 |    13 |    61 |    59 ||   158

Table legend: (Time is in decaauts)
 A = Elapsed time spent in this place.
 B = Non-inter-level travel time spent in this place.
 C = Inter-level travel time spent in this place.
 D = Time resting spent in this place.
 E = Time spent auto-exploring this place.
 F = Levels seen in this place.
 G = Mean time per level.
                   A        B        C        D        E       F      G
               +--------+--------+--------+--------+--------+-----+--------+
         Total |  12577 |  11573 |   1004 |    742 |   9112 |  10 | 1257.7 |
       Dungeon |  12035 |  11093 |    942 |    674 |   8762 |   8 | 1504.4 |
        Temple |    253 |    193 |     60 |     68 |    121 |   1 |  253.0 |
          Lair |    288 |    288 |      0 |      0 |    229 |   1 |  288.0 |
               +--------+--------+--------+--------+--------+-----+--------+

Top non-repeatable levels by time:
     D:2: 1941 daAuts
     D:8: 1884 daAuts
     D:5: 1596 daAuts
     D:4: 1563 daAuts
     D:6: 1432 daAuts
     D:7: 1409 daAuts
     D:1: 1164 daAuts
     D:3: 1042 daAuts
  Lair:1: 288 daAuts
  Temple: 253 daAuts
